Unix NetHack Version 5.0.0-0 post-release - last build May 10 2026 23:12:36 (d1fa5d53e341ca933230fdaa984d921c805b60aa,branch:main).

Game began 2026-05-13 16:14:00, ended 2026-05-13 20:43:58.

BaeHund, chaotic female human Barbarian

                                            ----       -----
                                            .`...|     |...|
                                            .....|     |..^|
                                            .....|   ##-..^.#####
                                           |..`..|   # |...|    #
                                         ##......|   # -----    #
                            -----        # ----.--  ##          #
                           #....-#########     ##  ##           #      ------
                           @|.^.|               #  #            #      ......
                           o|.<.|            #  #  #            ##     ......
                            |...|          --|--%--#             ###  |.>....|
                            -----          |......|#               ###.......|
                                           |...%...#                  |......|
                                           |..%%.%|                   |......|
                                           --------                   --------

BaeHund the Brigand        St:25 Dx:16 Co:18 In:8 Wi:9 Ch:8  Chaotic
Dlvl:22 $:22 HP:0(122) Pw:24(24) AC:-9 Xp:10 T:13130 

Latest messages:
 The orc-captain hits again!
 The orc-captain thrusts his knife.
 The orc-captain misses!
 The orc-captain thrusts his knife.
 The orc-captain hits!
 The orc-captain thrusts his knife.
 The orc-captain misses!
 The orc-captain thrusts his knife.
 The orc-captain hits!
 The orc-captain thrusts his knife.
 The orc-captain hits!
 The orc-captain swings his knife.
 The orc-captain hits again!
 The orc-captain swings his knife.
 The orc-captain hits!
 The orc-captain thrusts his knife.
 The orc-captain hits again!
 The orc-captain swings his knife.
 The orc-captain hits!
 The orc-captain swings his knife.
 The orc-captain misses!
 The orc-captain swings his knife.
 The orc-captain hits!
 The orc-captain swings his knife.
 The orc-captain misses!
 The orc-captain thrusts his knife.
 The orc-captain hits!
 The orc-captain thrusts his knife.
 The orc-captain hits again!
 The orc-captain thrusts his knife.
 The orc-captain hits!
 The orc-captain swings his knife.
 The orc-captain hits again!
 The orc-captain swings his knife.
 The orc-captain hits!
 The orc-captain thrusts his knife.
 The orc-captain just misses!
 The orc-captain swings his knife.
 The orc-captain misses!
 The orc-captain thrusts his knife.
 The orc-captain hits!
 The orc-captain swings his knife.
 The orc-captain hits!
 You die...
 Do you want your possessions identified? [ynq] (y) y
 Do you want to see your attributes? [ynq] (y) y
 Do you want an account of creatures vanquished? [ynaq] (y) y
 Do you want a list of species genocided? [ynaq] (y) y
 Do you want to see your conduct and achievements? [ynq] (y) y
 Do you want to see the dungeon overview? [ynq] (y) y

Inventory:
 Coins    ('$')
  $ - 22 gold pieces
 Amulets  ('"')
  p - an uncursed amulet of ESP
 Weapons  (')')
  O - a thoroughly rusty +4 long sword (weapon in left hand)
 Armor    ('[')
  w - an uncursed +0 dwarvish iron helm (being worn)
  M - an uncursed +0 helm of telepathy
  C - a blessed +4 pair of gauntlets of power (being worn)
  L - a blessed burnt +4 pair of water walking boots (being worn)
  A - a blessed +1 cloak of magic resistance (being worn)
  D - an uncursed +0 dwarvish mithril-coat (being worn)
 Comestibles  ('%')
  l - an uncursed carrot
  d - 3 uncursed food rations
  g - a cursed food ration
  f - 2 uncursed tripe rations
 Scrolls  ('?')
  Q - an uncursed scroll of enchant armor
 Potions  ('!')
  P - an uncursed potion of water
 Rings    ('=')
  c - an uncursed ring of conflict
  N - an uncursed +1 ring of increase accuracy
  x - an uncursed ring of searching (on left hand)
  R - a cursed ring of teleportation
 Wands    ('/')
  W - a wand of cold (0:5)
  B - a wand of death (0:4)
  U - a wand of digging (0:4)
  E - a wand of digging (0:3)
  y - a wand of light (0:11)
  H - a wand of lightning (0:5)
  k - a wand of magic missile (0:4)
  Z - a wand of polymorph (0:5)
  i - a wand of polymorph (0:3)
  t - a wand of teleportation (0:6)
 Tools    ('(')
  b - a blessed bag of holding containing 37 items
  X - an uncursed blindfold
  n - a blessed magic marker (0:21)
  o - an uncursed magic whistle
  e - an uncursed skeleton key
  s - a +0 unicorn horn
 Gems/Stones  ('*')
  r - a blessed luckstone

Contents of the bag of holding:
  5732 gold pieces
  a cursed -1 pair of levitation boots
  3 uncursed fortune cookies
  2 uncursed pears
  a cursed sprig of wolfsbane
  an uncursed tripe ration
  2 uncursed tins of spinach
  an uncursed lizard corpse
  an uncursed scroll of amnesia
  an uncursed scroll of destroy armor
  a cursed scroll of destroy armor
  an uncursed scroll of earth
  a cursed scroll of earth
  a blessed scroll of identify
  a cursed scroll of identify
  a cursed scroll of magic mapping
  a cursed scroll of remove curse
  a blessed scroll of taming
  a blessed scroll of teleportation
  an uncursed scroll of teleportation
  a cursed scroll of teleportation
  an uncursed spellbook of cure sickness
  an uncursed spellbook of healing
  an uncursed spellbook of healing
  a cursed spellbook of sleep
  an uncursed spellbook of turn undead
  2 uncursed potions of gain ability
  3 uncursed potions of healing
  a cursed potion of healing
  an uncursed potion of levitation
  a blessed potion of paralysis
  a cursed potion of paralysis
  a cursed potion of sleeping
  2 uncursed potions of speed
  2 potions of holy water
  3 uncursed potions of water
  a cursed magic marker (0:20)

BaeHund the Barbarian's attributes:

Background:
 You were a Brigand, a level 10 female human Barbarian.
 You were chaotic, on a mission for Set
 who was opposed by Mitra (lawful) and Crom (neutral).
 You were left-handed.
 You were in the Dungeons of Doom, on level 22.
 You entered the dungeon 13130 turns ago.
 You had 9684 experience points, 316 more were needed to attain level 11.

Basics:
 You had 0 out of 122 hit points.
 You had all 24 energy points (spell power).
 Your armor class was -9.
 Your wallet contained 22 zorkmids, and
 you had 5732 more stashed away in your pack.
 Autopickup was off.

Final Characteristics:
 Your strength was 25 (base:17, innate limit:18/100).
 Your dexterity was 16 (limit:18).
 Your constitution was 18 (limit:18).
 Your intelligence was 8 (limit:18).
 Your wisdom was 9 (limit:18).
 Your charisma was 8 (limit:18).

Final Status:
 You weren't hungry.
 You were unencumbered.
 You were wielding a long sword.
 You were skilled in long sword.

Final Attributes:
 You were piously aligned.
 You were magic-protected.
 You were cold resistant.
 You were poison resistant.
 You had automatic searching.
 You could walk on water.
 You were guarded.
 You were fast.
 You were extremely lucky.
 You had extra luck.
 Good luck did not time out for you.
 You are dead.

Miscellaneous:
 You encountered 1 bones level.
 Total elapsed playing time was 4 hours, 21 minutes and 34 seconds.

Major events:
 Turn
    1: BaeHund the chaotic female human Barbarian entered the dungeon
 1674: entered the Gnomish Mines
 1698: attained the rank of Pillager (level 3)
 2422: attained the rank of Bandit (level 6)
 2575: reached Mine Town
 4634: acquired the Mines' End luckstone
 7407: entered Sokoban
10268: attained the rank of Brigand (level 10)
12812: performed her first genocide (class h)
13130: killed by an orc-captain, while frozen by a floating eye's gaze

You didn't know any spells.

Skills:
 Fighting Skills
   bare handed combat [Skilled]
   two weapon combat  [Unskilled]
   riding             [Unskilled]
 Weapon Skills
   dagger             [Unskilled]
   axe                [Expert]
   pick-axe           [Unskilled]
   short sword        [Basic]
   broadsword         [Unskilled]
   long sword         [Skilled]
   two-handed sword   [Unskilled]
   saber              [Unskilled]
   club               [Unskilled]
   mace               [Unskilled]
   morning star       [Unskilled]
   flail              [Unskilled]
   hammer             [Unskilled]
   quarterstaff       [Unskilled]
   spear              [Unskilled]
   trident            [Unskilled]
   bow                [Unskilled]
 Spellcasting Skills
   attack spells      [Unskilled]
   escape spells      [Unskilled]

Voluntary challenges:
 Character rerolling was not enabled.
 You genocided 7 types of monsters.
 You never polymorphed an object.
 You never changed form.
 You used no wishes.
 You did not violate any of the special Sokoban rules.
Achievements:
 You entered a shop.
 You entered the Gnomish Mines.
 You attained the rank of Pillager.
 You attained the rank of Bandit.
 You entered Minetown.
 You entered a temple.
 You completed the Gnomish Mines.
 You entered Sokoban.
 You attained the rank of Brigand.

 The Dungeons of Doom: levels 1 to 23
    Level 1:
       Some altars, some fountains.
    Level 2:
       Stairs down to The Gnomish Mines.
    Level 3:
       A general store.
    Level 4:
       An armor shop, many altars.
    Level 5:
       A fountain.
    Level 6:
       Many fountains.
    Level 7:
       Stairs up to Sokoban, level 6.
    Level 8:
       A ring shop.
    Level 9:
    Level 10:
       A fountain.
    Level 11:
       Some trees.
    Level 12:
       An altar to Set.
       Summoned by Pelias.
    Level 13:
       A fountain.
    Level 14:
       A potion shop.
    Level 15:
    Level 16:
       An altar to Set, a fountain, a sink.
    Level 17:
       A fountain.
    Level 18:
       A primitive area.
    Level 19:
       A potion shop.
    Level 20:
       A fountain.
    Level 21:
       An altar.
    Level 22: <- You were here.
       Final resting place for
          you, killed by an orc-captain, while frozen by a floating eye's gaze.
    Level 23:
 The Gnomish Mines: levels 3 to 10
    Level 3:
       A grave.
       Final resting place for
          DaveT-Pri-Hum-Mal-Law, killed by a hill orc.
    Level 4:
    Level 5:
       Many shops, a temple and an altar, some fountains, a sink.
    Level 6:
    Level 7:
    Level 8:
    Level 9:
    Level 10:
       A fountain.
 Sokoban:
    Level 6:
       Unsolved.


Vanquished creatures:
  a vampire leader
  a captain
  a nurse
  a lurker above
 an Aleax
  2 ghosts
  a mind flayer
  a giant mimic
  3 flesh golems
 an elven monarch
  5 large mimics
  a stalker
 an earth elemental
  2 giant mummies
  a giant zombie
  5 wargs
  3 small mimics
  a warhorse
  2 xans
 an ettin mummy
 an ogre leader
  2 trolls
  a sasquatch
  4 flaming spheres
  a shocking sphere
 an ochre jelly
  3 leocrottas
  a mountain centaur
 an elf mummy
  2 pythons
  a wraith
  a carnivorous ape
 an ettin zombie
  a leather golem
  4 watchmen
  a chameleon
  a crocodile
  a giant beetle
  a quivering blob
  2 cockatrices
  a wolf
  a winter wolf cub
 10 leprechauns
  2 orc-captains
  2 iron piercers
  3 giant spiders
  a scorpion
  a horse
  3 black lights
  2 gnome rulers
  3 orc mummies
  a rust monster
  4 owlbears
  a gold golem
  2 lizards
  4 chickatrices
  2 dingoes
  a housecat
  3 jaguars
  3 dwarf leaders
  a blue jelly
  a white unicorn
  a gray unicorn
  2 ravens
  a plains centaur
  a gnome mummy
  a snake
 an ape
  a human zombie
  2 rope golems
  5 Woodland-elves
  3 bugbears
 12 Mordor orcs
  3 rock piercers
  2 ponies
  a fog cloud
  5 yellow lights
  2 violet fungi
 12 gnome leaders
  3 gnomish wizards
  3 kobold mummies
 an elf zombie
  2 straw golems
  a giant ant
  2 floating eyes
 21 dwarves
  a homunculus
  a kobold leader
 15 hill orcs
  6 rothes
  a centipede
  6 monkeys
 an orc zombie
  2 wererats
  4 iguanas
 an acid blob
  2 coyotes
  3 hobbits
  3 large kobolds
  4 hobgoblins
  5 giant rats
  2 cave spiders
  4 yellow molds
  3 green molds
  2 red molds
 48 gnomes
  a gnome zombie
  7 geckos
 10 jackals
  2 foxes
  a kobold
  3 goblins
  5 sewer rats
  2 grid bugs
  2 bats
  6 lichens
  3 kobold zombies
  6 newts
368 creatures vanquished.

Genocided species:
 master mind flayers
 mind flayers
 dwarf rulers
 dwarf leaders
 bugbears
 dwarves
 hobbits
7 species genocided.

Game over:
                       ----------
                      /          \
                     /    REST    \
                    /      IN      \
                   /     PEACE      \
                  /                  \
                  |     BaeHund      |
                  |     5754 Au      |
                  |   killed by an   |
                  |   orc-captain    |
                  |                  |
                  |                  |
                  |       2026       |
                 *|     *  *  *      | *
        _________)/\\_//(\/(/\)/\//\/|_)_______

Goodbye BaeHund the Barbarian...

You died in The Dungeons of Doom on dungeon level 22 with 58999 points,
and 5754 pieces of gold, after 13130 moves.
You were level 10 with a maximum of 122 hit points when you died.

